 Dungeon Crawl Stone Soup version 0.28-a0-465-ge2dae52223 (webtiles) character file.

Game seed: 5254565249502571273

24626 robertstho the Thaumaturge (level 13, -2/92 HPs)
             Began as a Djinni Fire Elementalist on Sept 14, 2021.
             Was an Initiate of Gozag.
             Slain by a six-headed hydra (4 damage)
             ... on level 4 of the Lair of Beasts.
             The game lasted 00:22:40 (19040 turns).

robertstho the Thaumaturge (DjFE)                  Turns: 19040, Time: 00:22:42

Health: -2/92      AC:  4    Str:  7    XL:     13   Next: 44%
Gold:   1820       EV: 15    Int: 25    God:    Gozag SH: 10 Dex: 19

rFire   + + +      SeeInvis .   y - +6 broad axe of Ykuave Moikh {vorpal, Dex+4}
rCold   x . .      Faith    .   c - +0 buckler
rNeg    . . .      Spirit   .   x - +2 robe {Will+}
rPois   ∞          Reflect  +   (no helmet)
rElec   .          Harm     .   (no cloak)
rCorr   +          Rampage  .   (no gloves)
Will    +++..                   (boots unavailable)
Stlth   +++.......              G - amulet of Zatipsos {Reflect rF+ rCorr Int+4 SH+5}
HPRegen 0.25/turn               t - ring of willpower
MPRegen 0.00/turn               u - ring of wizardry

@: gold aura, flying, slightly contaminated
A: sickness immunity, fire resistance 2, cold vulnerability 1, float, innate
caster, hp casting, extra vitality 1
a: Renounce Religion, Potion Petition, Call Merchant, Bribe Branch


You were on level 4 of the Lair of Beasts.
You worshipped Gozag.
Gozag was most pleased with you.
You visited 4 branches of the dungeon, and saw 18 of its levels.

You collected 2762 gold pieces.
You spent 876 gold pieces at shops.
You paid 66 gold pieces to Gozag.

Inventory:

Hand Weapons
 w - a +2 dagger of holy wrath
 y - the +6 broad axe of Ykuave Moikh (weapon) {vorpal, Dex+4}
   (You bought it in a shop on level 7 of the Dungeon)

   It inflicts extra damage upon your enemies.
   Dex:       It affects your dexterity (+4).
 A - a +1 long sword of flaming
Armour
 c - a +0 buckler (worn)
 x - a +2 robe of willpower (worn)
Jewellery
 t - a ring of willpower (left hand)
 u - a ring of wizardry (right hand)
 G - the amulet of Zatipsos (around neck) {Reflect rF+ rCorr Int+4 SH+5}
   (You bought it in a shop on level 7 of the Dungeon)

   [amulet of reflection]

   It reflects blocked missile attacks.
   Int:       It affects your intelligence (+4).
   rF:        It protects you from fire.
   rCorr:     It protects you from acid and corrosion.
   SH:        It affects your SH (+5).
Wands
 n - a wand of polymorph (8)
 o - a wand of flame (45)
 p - a wand of iceblast (22)
 r - a wand of mindburst (29)
 I - a wand of acid (8)
Scrolls
 a - a scroll of immolation {unknown}
 d - 2 scrolls of vulnerability
 e - 2 scrolls of fog {unknown}
 f - 2 scrolls of magic mapping {unknown}
 g - a scroll of fear
 h - 6 scrolls of teleportation
 B - 2 scrolls of enchant weapon {unknown}
 C - a scroll of noise {unknown}
 D - 3 scrolls of brand weapon {unknown}
 E - a scroll of holy word
 H - a scroll of enchant armour {unknown}
Potions
 b - a potion of attraction {unknown}
 i - 5 potions of curing
 j - 2 potions of haste
 k - 4 potions of invisibility
 l - 2 potions of ambrosia
 m - 3 potions of mutation {unknown}
 q - 2 potions of degeneration {unknown}
 s - a potion of berserk rage {unknown}
 v - a potion of heal wounds
 z - 3 potions of brilliance {unknown}
 F - 2 potions of lignification


   Skills:
 * Level 7.9 Fighting
 + Level 3.7 Axes
 + Level 6.1 Dodging
 + Level 4.4 Stealth
 + Level 3.3 Shields
 * Level 13.8 Spellcasting


You had 7 spell levels left.
You knew the following spells:

 Your Spells              Type           Power      Damage    Failure   Level
a - Foxfire               Conj/Fire      100%       2x1d9     0%          1
b - Scorch                Fire           100%       2d10      0%          2
c - Conjure Flame         Conj/Fire      72%        6-21      1%          3
d - Inner Flame           Hex/Fire       72%        N/A       1%          3
e - Flame Wave            Conj/Fire      72%        3d12      1%          4
f - Magic Dart            Conj           100%       1d8       0%          1
g - Passwall              Tmut/Erth      60%        N/A       0%          2
h - Lesser Beckoning      Tloc           72%        N/A       1%          3
i - Mephitic Cloud        Conj/Pois/Air  72%        N/A       1%          3
j - Irradiate             Conj/Tmut      36%        3d25      1%          5
k - Agony                 Necr           72%        N/A       1%          5
Your spell library was empty.

Dungeon Overview and Level Annotations

Branches:
Dungeon (11/15)            Temple (1/1) D:4            Lair (4/6) D:8
 Spider (0/4) Lair:2          Orc (2/2) D:9
  Swamp: Lair:2-4    Shoals: Lair:2-4       Elf: Orc:2

Altars:
Ashenzari
Cheibriados
Dithmenos
Elyvilon
Fedhas
Gozag
Hepliaklqana
Kikubaaqudgha
Makhleb
Nemelex Xobeh
Okawaru
Qazlal
Ru
Sif Muna
Trog
Uskayaw
Vehumet
Wu Jian
Xom
Yredelemnul
Zin
The Shining One

Shops:
D:7 (=(=(

Annotations:
D:7 1021 ring
D:9 exclusion: obsidian statue
Lair:1 1 runed translucent door, Riurgh's ghost, journeyman OpBr


Innate Abilities, Weirdness & Mutations

You are immune to sickness and miasma.
You are immune to poison.
Your flesh is very heat resistant. (rF++)
You are vulnerable to cold. (rC-)
You float through the air rather than walking.
You learn spells naturally, not from books.
Your magical power is your life essence.
You have superior vitality. (+4 HP)


Message History

You feel much better. The death yak gores you. The torpor snail bites you!
* * * LOW HITPOINT WARNING * * *
The death yak gores you but does no damage.
The six-headed hydra roars!
Casting: Irradiate (safe; 1% risk of failure)
Confirm with . or Enter, or press ? or * to list all spells.
You erupt in a fountain of uncontrolled magic!
The death yak is blasted with magical radiation!!!
You kill the death yak!
The torpor snail is blasted with magical radiation!!!
The torpor snail is almost dead.
The torpor snail twists and deforms.
* * * LOW HITPOINT WARNING * * *
The six-headed hydra is no longer distracted by gold.
The torpor snail misses you.
Casting: Irradiate (safe; 1% risk of failure)
Confirm with . or Enter, or press ? or * to list all spells.
You erupt in a fountain of uncontrolled magic!
The six-headed hydra is blasted with magical radiation!!!
The six-headed hydra is almost dead.
The six-headed hydra twists and deforms.
The torpor snail is blasted with magical radiation!!
You kill the torpor snail!
You are lightly contaminated with residual magic.
* * * LOW HITPOINT WARNING * * *
You feel yourself speed up.
The six-headed hydra completely misses you.
The six-headed hydra barely misses you.
You block the six-headed hydra's attack.
The six-headed hydra barely misses you.
The six-headed hydra closely misses you.
The six-headed hydra bites you.
* * * LOW HITPOINT WARNING * * *
The six-headed hydra closely misses you.
You block the six-headed hydra's attack.
The six-headed hydra misses you.
The six-headed hydra closely misses you.
The six-headed hydra bites you.
You die...
Your body crumbles into a pile of gold.

}......## #....P.#.#
$....[§...# .......#...#
####. ..##...$...# ###.P....
.........#$##### #.....#.#
......)..$$.$..# #........
..........$$...#####........
..........D@$..........(....
...........$..........P#..#
#.##.##.#.#.>.#..#.#..[..#
...##.#.###.......##...^#.##
......).#......#PP##..^...P#
..........#....####.P.....##
.#.(.....##.............#(#
...##....##....P..##P.##..#
P#.#.#....#....#.###..# #.#


You could see a six-headed hydra (misshapen).

Vanquished Creatures
  Gastronok (Lair:1)
  Snorg (D:10)
  3 hydras
  A death yak (Lair:4)
  Sonja (D:10)
  An orc sorcerer (Orc:1)
  A manticore (D:9)
  3 black mambas
  Joseph (D:8)
  A torpor snail (Lair:4)
  9 cane toads
  A kobold demonologist (D:10)
  A rime drake (Lair:3)
  Maggie (D:7)
  4 komodo dragons
  7 blink frogs
  Prince Ribbit (D:6)
  2 redbacks (Lair:2)
  20 yaks
  3 wyverns
  A basilisk (Lair:1)
  A steam dragon (D:8)
  3 wargs
  An acid dragon (D:6)
  Duvessa (D:6)
  6 water moccasins
  11 orc warriors
  An ice beast (D:8)
  A sky beast (D:7)
  A black bear (D:7)
  A hornet zombie (D:8)
  4 ogres
  6 wolves (Lair:1)
  6 centaurs
  5 kobold brigands
  11 bullfrogs
  Dowan (D:6)
  A water moccasin skeleton (D:4)
  2 electric eels (D:9)
  4 howler monkeys
  5 wights (D:5)
  A crimson imp (D:5)
  A bullfrog zombie (D:7)
  5 hounds
  2 centaur zombies
  A centaur skeleton (D:7)
  16 orc priests
  A jelly (D:4)
  Jessica (D:3)
  Natasha (twice) (D:2)
  4 iguanas
  9 orc wizards
  5 hell rats (Lair:2)
  8 gnolls
  2 adders
  A white imp (D:7)
  A worm (D:2)
  A dart slug (D:4)
  40 orcs
  7 endoplasms
  3 giant cockroaches
  5 goblins
  4 hobgoblins
  5 quokkas
  10 ball pythons
  3 bats
  A frilled lizard (D:1)
  24 kobolds
  2 rats (D:1)
301 creatures vanquished.

Vanquished Creatures (collateral kills)
  3 foxfires
3 creatures vanquished.

Vanquished Creatures (others)
  A bush (D:6)
  A butterfly (D:6)
  962 foxfires
  20 fungi
  36 plants
  4 toadstools (D:1)
1024 creatures vanquished.

Grand Total: 1328 creatures vanquished

Notes
Turn   | Place    | Note
-------+----------+-------------------------------------------
     0 | D:1      | robertstho the Djinni Fire Elementalist began the quest for
                  | the Orb.
     0 | D:1      | Reached XP level 1. HP: 15/15 MP: 0/0
   346 | D:1      | Reached XP level 2. HP: 18/21 MP: 0/0
   879 | D:1      | Reached skill level 3 in Spellcasting
  1298 | D:1      | Reached XP level 3. HP: 24/25 MP: 0/0
  1298 | D:1      | Learned a level 1 spell: Magic Dart
  1853 | D:2      | Noticed Natasha
  1865 | D:2      | Killed Natasha
  1866 | D:2      | Reached XP level 4. HP: 23/31 MP: 0/0
  2252 | D:2      | Noticed Natasha
  2259 | D:2      | Killed Natasha
  2609 | D:3      | Reached skill level 1 in Fighting
  2613 | D:3      | Reached XP level 5. HP: 29/37 MP: 0/0
  2613 | D:3      | Learned a level 2 spell: Passwall
  2719 | D:3      | Noticed Jessica
  2724 | D:3      | Killed Jessica
  2725 | D:3      | Reached skill level 4 in Spellcasting
  2829 | D:3      | Reached XP level 6. HP: 5/42 MP: 0/0
  4211 | D:4      | Reached skill level 5 in Spellcasting
  4418 | D:4      | Found a staircase to the Ecumenical Temple.
  4425 | D:4      | Reached XP level 7. HP: 43/48 MP: 0/0
  4425 | D:4      | Learned a level 3 spell: Lesser Beckoning
  4443 | Temple   | Entered the Ecumenical Temple
  4721 | Temple   | Became a worshipper of Gozag Ym Sagoz the Greedy
  5129 | D:5      | Entered Level 5 of the Dungeon
  5179 | D:5      | Found a burning altar of Makhleb.
  5437 | D:5      | Reached skill level 6 in Spellcasting
  5554 | D:5      | Reached XP level 8. HP: 47/54 MP: 0/0
  5684 | D:5      | Found a shadowy altar of Dithmenos.
  5964 | D:5      | Noticed a yak
  5969 | D:5      | Killed a yak
  6161 | D:6      | Reached skill level 7 in Spellcasting
  6506 | D:6      | Reached XP level 9. HP: 46/62 MP: 0/0
  6506 | D:6      | Learned a level 3 spell: Mephitic Cloud
  6599 | D:6      | Noticed Prince Ribbit
  6604 | D:6      | Killed Prince Ribbit
  6754 | D:6      | Found a white marble altar of Elyvilon.
  6946 | D:6      | Found a basalt altar of Yredelemnul.
  7072 | D:6      | Reached skill level 8 in Spellcasting
  7291 | D:6      | Noticed Dowan
  7296 | D:6      | Noticed Duvessa
  7307 | D:6      | Killed Duvessa
  7308 | D:6      | Killed Dowan
  7695 | D:7      | Found Itaozuk's Antique Weapon Boutique.
  7700 | D:7      | Bought a fine broad axe for 180 gold pieces
  7700 | D:7      | Identified the +6 broad axe of Ykuave Moikh {vorpal, Dex+4}
                  | (You bought it in a shop on level 7 of the Dungeon)
  8049 | D:7      | Reached skill level 9 in Spellcasting
  8332 | D:7      | Found Enket's Jewellery Shoppe.
  8592 | D:7      | Reached XP level 10. HP: 53/69 MP: 0/0
  8668 | D:7      | Found Qialauwi's Weapon Shoppe.
  8729 | D:7      | Found Faxe's Jewellery Shop.
  8737 | D:7      | Noticed Maggie
  8747 | D:7      | Killed Maggie
  9048 | D:8      | Noticed a four-headed hydra
  9063 | D:8      | Killed a four-headed hydra
  9064 | D:8      | Reached skill level 10 in Spellcasting
  9643 | D:8      | Reached skill level 5 in Fighting
  9953 | D:8      | Found a staircase to the Lair.
 10038 | D:8      | Reached skill level 1 in Axes
 10038 | D:8      | Noticed Joseph
 10048 | D:8      | Killed Joseph
 10305 | D:7      | Found Tecseik's Weapon Shoppe.
 10534 | D:9      | Reached XP level 11. HP: 63/75 MP: 0/0
 10534 | D:9      | Learned a level 5 spell: Irradiate
 10541 | D:9      | Reached skill level 11 in Spellcasting
 10777 | D:9      | Found a staircase to the Orcish Mines.
 10823 | D:9      | Found a glowing golden altar of the Shining One.
 11041 | D:9      | Noticed an obsidian statue
 11264 | D:9      | Noticed a manticore
 11275 | D:9      | Killed a manticore
 11563 | D:9      | Found an iron altar of Okawaru.
 11564 | D:9      | Found a blossoming altar of Fedhas.
 11567 | D:9      | Found an ornate altar of the Wu Jian Council.
 11797 | D:10     | Entered Level 10 of the Dungeon
 11812 | D:10     | Noticed Sonja
 11817 | D:10     | Killed Sonja
 11854 | D:10     | Noticed Snorg
 11864 | D:10     | Killed Snorg
 12085 | D:10     | Reached skill level 12 in Spellcasting
 12369 | D:10     | Reached skill level 1 in Shields
 13221 | D:7      | Bought the amulet of Zatipsos {Reflect rF+ rCorr Int+4
                  | SH+5} for 696 gold pieces
 13293 | Lair:1   | Entered Level 1 of the Lair of Beasts
 13324 | Lair:1   | Reached XP level 12. HP: 68/83 MP: 0/0
 13332 | Lair:1   | Noticed an eight-headed hydra
 13859 | Orc:1    | Entered Level 1 of the Orcish Mines
 14102 | Orc:2    | Entered Level 2 of the Orcish Mines
 14455 | Lair:1   | Killed an eight-headed hydra
 14796 | Lair:1   | Reached skill level 13 in Spellcasting
 14997 | Lair:1   | Found a runed translucent door.
 15048 | Lair:1   | Noticed Gastronok
 15061 | Lair:1   | Killed Gastronok
 15386 | Lair:1   | Identified the +4 spear of Immorality {spect, Int+9}
 15724 | Lair:1   | Noticed Riurgh's ghost (journeyman OpBr)
 16485 | Lair:2   | Found a hole to the Spider Nest.
 17002 | Lair:3   | Reached skill level 5 in Dodging
 17376 | Lair:3   | Reached XP level 13. HP: 40/90 MP: 0/0
 17376 | Lair:3   | Learned a level 5 spell: Agony
 19031 | Lair:4   | Noticed a five-headed hydra
 19031 | Lair:4   | Noticed a six-headed hydra
 19037 | Lair:4   | Killed a five-headed hydra
 19040 | Lair:4   | HP: 2/92 [six-headed hydra (5)]
 19040 | Lair:4   | Slain by a six-headed hydra

Illustrated notes

Levels and vault maps discovered:
D:1:      ldierk_water_garden, layout_rooms, minmay_misc_feat_x,
          wander_ebering_terrifying_dragon_lair
D:2:      layout_basic, serial_corexii_hall, corexii_hall_statues_i,
          corexii_hall_statues_t, minmay_misc_feat_rows, chequers_arboretum,
          kennysheep_small_spiral, uniq_natasha
D:3:      layout_basic, mainiacjoe_overflow_six_doors_small, uniq_jessica
D:4:      layout_cave_pools, minmay_temple_entry_glass
D:5:      layout_basic, makhleb_grotto_becter, lemuel_round_altar,
          nrook_loot_triangle, corexii_item_surrounded_by_moat,
          kennysheep_generic_room_10
D:6:      layout_loops_ring, nicolae_elyvilon_peaceful_grove,
          lemuel_doored_altar, skrybe_limestone_x, uniq_prince_ribbit1,
          uniq_duvessa
D:7:      layout_basic, serial_shops, shop, nicolae_square_shop,
          nicolae_shop_crystal, nicolae_diamond_shop, kennysheep_mini,
          uniq_maggie
D:8:      layout_rooms, erik_lair_orcish_takeover, uniq_joseph
D:9:      layout_stronghold, mainiacjoe_overflow_brackets, minitemple,
          david_orc_3, serial_bayou_ford_a, minmay_protected_statue
D:10:     layout_gridville, evilmike_butchery, uniq_sonja, uniq_snorg
D:11:     cheibrodos_orc_bank, layout_long_grid, kb_rosetta
Temple:   nicolae_temple_figure_eight
Lair:1:   layout_gridlike, ebering_ghost_funeral_grove, uniq_gastronok
Lair:2:   layout_regular_city, spider_nest_entry_webs
Lair:3:   layout_roguey
Lair:4:   layout_loops_ring, elwin_shoals_entry_stream, basic_altar,
          serial_bayou_shore_a, lemuel_fruit_tree, uniq_nergalle
Orc:1:    layout_diamond_mine, serial_shops, shop
Orc:2:    st_orc_congregation, layout_caves, basic_altar, elves_outpost_lemuel

Skill      XL: |  1  2  3  4  5  6  7  8  9 10 11 12 13 |
---------------+----------------------------------------+-----
Spellcasting   | 3 4 5 6 7 9 10 12 13 | 13.8
Fighting       | 1 2 3 4 5 6 7 |  7.9
Stealth        | 2 3 4 |  4.4
Dodging        | 3 5 6 |  6.1
Axes           | 1 2 3 |  3.7
Shields        | 1 2 3 |  3.3

Action                   |  1- 3 |  4- 6 |  7- 9 | 10-12 | 13-15 || total
-------------------------+-------+-------+-------+-------+-------++-------
Melee: Hand axe          |     1 |     3 |       |       |       ||     4
       Broad axe         |       |       |     5 |    44 |     7 ||    56
 Cast: Foxfire           |    74 |   107 |   115 |   224 |    47 ||   567
       Scorch            |       |    13 |    65 |    12 |     3 ||    93
       Magic Dart        |       |       |     7 |       |       ||     7
       Flame Wave        |       |       |     4 |    51 |    15 ||    70
       Mephitic Cloud    |       |       |       |     2 |       ||     2
       Irradiate         |       |       |       |     5 |     3 ||     8
  Use: Scroll            |       |       |     4 |     7 |       ||    11
       Potion            |       |       |       |     2 |     1 ||     3
 Stab: Sleeping          |       |       |       |     2 |       ||     2
Armor: Robe              |     6 |     3 |     8 |    14 |     4 ||    35
Dodge: Dodged            |     9 |    11 |    27 |    77 |    29 ||   153
Block: Buckler           |     4 |     1 |     4 |    59 |    14 ||    82
       Reflection        |       |       |       |     2 |       ||     2

Table legend: (Time is in decaauts)
 A = Elapsed time spent in this place.
 B = Non-inter-level travel time spent in this place.
 C = Inter-level travel time spent in this place.
 D = Time resting spent in this place.
 E = Time spent auto-exploring this place.
 F = Levels seen in this place.
 G = Mean time per level.
                   A        B        C        D        E       F      G
               +--------+--------+--------+--------+--------+-----+--------+
         Total |  19086 |  18295 |    791 |   2959 |  13492 |  18 | 1060.3 |
       Dungeon |  13574 |  12928 |    646 |   1852 |   9691 |  11 | 1234.0 |
        Temple |    298 |    261 |     37 |      0 |    260 |   1 |  298.0 |
          Lair |   4661 |   4583 |     78 |    817 |   3354 |   4 | 1165.2 |
  Orcish Mines |    552 |    522 |     30 |    290 |    187 |   2 |  276.0 |
               +--------+--------+--------+--------+--------+-----+--------+

Top non-repeatable levels by time:
  Lair:3: 2042 daAuts
     D:7: 1714 daAuts
     D:8: 1708 daAuts
     D:9: 1589 daAuts
     D:6: 1556 daAuts
     D:1: 1380 daAuts
     D:3: 1375 daAuts
  Lair:1: 1358 daAuts
     D:2: 1185 daAuts
  Lair:2: 1133 daAuts
     D:5: 994 daAuts
     D:4: 892 daAuts
    D:10: 675 daAuts
   Orc:1: 544 daAuts
    D:11: 501 daAuts
